 Dungeon Crawl Stone Soup version 0.21-a0-578-gc6e9d75 (webtiles) character file.

61 KristoblXynda the Sneak (level 3, 0/14 HPs)
             Began as a Felid Venom Mage on Dec 18, 2017.
             Succumbed to an adder's poison
             ... on level 2 of the Dungeon.
             The game lasted 00:04:08 (1725 turns).

KristoblXynda the Sneak (Felid Venom Mage)          Turns: 1725, Time: 00:04:09

Health: 0/14       AC:  1    Str:  5    XL:     3   Next: 83%
Magic:  8/8        EV: 18    Int: 16    God:
Gold:   89         SH:  0    Dex: 16    Spells: 4/7 levels left
                                        Lives:  0   Deaths: 0

rFire    + . .     SeeInvis +     - Unarmed
rCold    + . .     Gourm    .   (shield unavailable)
rNeg     . . .     Faith    .   (armour unavailable)
rPois    +         Spirit   .   (helmet unavailable)
rElec    +         Reflect  .   (cloak unavailable)
rCorr    +         Harm     .   (gloves unavailable)
MR       .....                  (boots unavailable)
Stlth    +++.......             (no amulet)
HPRegen  0.04/turn              (no ring)
MPRegen  0.11/turn              (no ring)

@: lethally poisoned (0 -> -1), resistant, quick
A: very small, no armour, no weapons or thrown items, stealth, claws 1, fangs 3,
see invisible, carnivore, speed 1, shaggy fur 1, slow metabolism 1, sharp paws
a: no special abilities


You were on level 2 of the Dungeon.
You were not hungry.

You visited 1 branch of the dungeon, and saw 2 of its levels.

You collected 89 gold pieces.

Inventory:

Scrolls
 d - 2 scrolls of identify {unknown}
 e - a scroll of amnesia {unknown}
 h - 2 scrolls of teleportation {unknown}
 i - 3 scrolls of random uselessness {unknown}
 k - a scroll of remove curse {unknown}
Potions
 c - a potion of agility {unknown}
Books
 a - a Young Poisoner's Handbook

   Spells                             Type                      Level
   a - Sting                          Conjuration/Poison           1
   b - Poisonous Vapours              Poison/Air                   2
   c - Mephitic Cloud                 Conjuration/Poison/Air       3
   d - Olgreb's Toxic Radiance        Poison                       4
   e - Venom Bolt                     Conjuration/Poison           5
Comestibles
 b - 2 rations


   Skills:
 - Level 2.6 Dodging
 + Level 3.5 Stealth
 + Level 1.2 Unarmed Combat
 + Level 2.7 Spellcasting
 + Level 1.6 Conjurations
 - Level 3.0 Poison Magic


You had 4 spell levels left.
You knew the following spells:

 Your Spells              Type           Power        Failure   Level  Hunger
a - Sting                 Conj/Pois      #...         8%          1    #......
b - Poisonous Vapours     Pois/Air       #.....       16%         2    ##.....


Dungeon Overview and Level Annotations

Branches:
Dungeon (2/15)

Altars:
Qazlal
Zin


Innate Abilities, Weirdness & Mutations

You cannot wear armour.
You are incapable of wielding weapons or throwing items.
Your paws allow you to move quietly. (Stealth)
You have sharp claws.
You have razor-sharp teeth.
You have supernaturally acute eyesight. (SInv)
You are carnivorous and can eat meat at any time.
You cover ground quickly.
You are covered in fur. (AC +1)
You have a slow metabolism.
Your sharp claws are effective at attacking unaware monsters.


Message History

Aiming: Poisonous Vapours
Press: ? - help, Dir - move target cursor, f - ooze
Aim: an ooze But poisonous vapours would do no harm to the ooze!
You scratch the ooze.
The ooze is moderately wounded.
The ooze hits you.
* * * LOW HITPOINT WARNING * * *
You scratch the ooze.
The ooze is heavily wounded.
* * * LOW HITPOINT WARNING * * *
You feel sick. The ooze closely misses you.
* * * LOW HITPOINT WARNING * * *
You feel sick.
It was a potion of cancellation.
You feel magically purged.
It was a potion of magic.
Magic courses through your body. The ooze barely misses you.
It was a potion of resistance.
You feel protected.
You die...

#.........# #.. .. #.........#
#.#####.
#...(.....##############.#(....
##...........................)..
..)>.............########(#.#...
#.........####...# #.#.#...
######†#######.#.# #.#.#...
#.........##J#.## #.#.#...
#.........##@#..######...#...
#.........##.##.....######...
#.........##.##.....# #...
#.........##.##)....#
####'#######.......## #.#
#####...# #.# #.......# ..#
#.####..# ..# #..###


You could see an ooze.

Vanquished Creatures
  2 adders (D:2)
  An ooze (D:1)
  A dart slug (D:2)
  4 giant cockroaches
  4 goblins
  2 hobgoblins (D:1)
  4 jackals (D:1)
  2 bats (D:1)
  3 frilled lizards
  5 kobolds
  9 rats
37 creatures vanquished.

Notes
Turn   | Place    | Note
-------+----------+-------------------------------------------
     0 | D:1      | KristoblXynda the Felid Venom Mage began the quest for the Orb.
     0 | D:1      | Reached XP level 1. HP: 7/7 MP: 4/4
   101 | D:1      | Reached XP level 2. HP: 10/11 MP: 6/6
   127 | D:1      | Reached skill level 1 in Conjurations
   939 | D:2      | Reached XP level 3. HP: 14/14 MP: 1/7
  1278 | D:2      | Found a glowing silver altar of Zin.
  1282 | D:2      | Learned a level 2 spell: Poisonous Vapours
  1480 | D:2      | Reached skill level 1 in Unarmed Combat
  1527 | D:2      | Found a stormy altar of Qazlal.
  1725 | D:2      | Succumbed to an adder's poison

Vault maps used:
D:1:      dpeg_arrival_central, minmay_misc_feat_square, minmay_misc_feat_roman
D:2:      kennysheep_big_flooded_room, lemuel_crystal_altar, lemuel_doored_altar

Skill      XL: |  1  2  3 |
---------------+----------+-----
Conjurations   | 1 |  1.6
Poison Magic   | 3 |  3.0
Stealth        | 3 |  3.5
Unarmed Combat | 1 |  1.2
Dodging        | |  2.6
Spellcasting   | |  2.7

Action                   || total
-------------------------++-------
Melee: Unarmed           ||    40
       Bite              ||     4
 Cast: Sting             ||    56
       Poisonous Vapours ||     1
  Use: Potion            ||     3
 Stab: Sleeping          ||     3
  Eat: Chunk             ||    13
Armor: Skin              ||     1
Dodge: Dodged            ||    39

Table legend:
 A = Spawn XP
 B = Non-spawn XP
 C = Spawn XP percentage of total XP
 D = Spawn monster count
 E = Non-spawn monster count
 F = Spawn count percentage of total count
 G = Total turns spent on level
                    A         B        C        D         E        F      G
               +---------+---------+-------+---------+---------+-------+---------
         Total |       0 |      88 |   0.0 |       0 |      37 |   0.0 |  1725
               +---------+---------+-------+---------+---------+-------+---------
           D:1 |       0 |      38 |   0.0 |       0 |      21 |   0.0 |   934
           D:2 |       0 |      50 |   0.0 |       0 |      16 |   0.0 |   791
               +---------+---------+-------+---------+---------+-------+---------
